 Dungeon Crawl Stone Soup version 0.22-a0-422-g9628fc8 (webtiles) character file.

280 Mgcat the Magician (level 6, -2/32 HPs)
             Began as a Deep Elf Earth Elementalist on May 20, 2018.
             Slain by an iguana (12 damage)
             ... on level 3 of the Dungeon.
             The game lasted 00:08:24 (4149 turns).

Mgcat the Magician (Deep Elf Earth Elementalist)    Turns: 4149, Time: 00:08:25

Health: -2/32      AC:  2    Str:  5    XL:     6   Next: 5%
Magic:  15/16      EV: 13    Int: 22    God:
Gold:   115        SH:  0    Dex: 15    Spells: 12/16 levels left

rFire    . . .     SeeInvis .   l - +2 short sword (venom)
rCold    + . .     Gourm    +   (no shield)
rNeg     . . .     Faith    .   c - +0 robe
rPois    +         Spirit   .   (no helmet)
rElec    .         Reflect  .   (no cloak)
rCorr    .         Harm     .   (no gloves)
MR       .....                  (no boots)
Stlth    ++........             a - amulet of the gourmand {Gourm, !d}
HPRegen  0.10/turn              g - ring of poison resistance {rPois, !d}
MPRegen  0.15/turn              i - ring of protection from cold {rC+, !d}

@: no status effects
A: no striking features
a: no special abilities


You were on level 3 of the Dungeon.
You were completely stuffed.

You visited 1 branch of the dungeon, and saw 4 of its levels.
You also visited: Sewer.

You collected 115 gold pieces.

Inventory:

Hand Weapons
 l - a +2 short sword of venom (weapon)
   (You took it off a kobold on level 1 of the Dungeon)
Missiles
 b - 77 stones (quivered)
Armour
 c - a +0 robe (worn)
Jewellery
 a - an amulet of the gourmand (around neck) {Gourm, !d}
   (You found it on level 3 of the Dungeon)
 g - a ring of poison resistance (left hand) {rPois, !d}
   (You found it on level 1 of the Dungeon)
 i - a ring of protection from cold (right hand) {rC+, !d}
   (You found it on level 1 of the Dungeon)
Scrolls
 e - 3 scrolls of remove curse {unknown}
 f - 2 scrolls of identify {unknown}
 k - a scroll of teleportation {unknown}
 n - a scroll of fog {unknown}
 o - a scroll of enchant weapon {unknown}
Miscellaneous
 p - a phantom mirror
Comestibles
 d - 6 rations
 h - 8 chunks of flesh {@w0}


   Skills:
 - Level 2.4 Dodging
 - Level 2.4 Stealth
 + Level 5.7 Spellcasting
 + Level 3.0 Conjurations
   Level 1.1 Transmutations
 + Level 5.2 Earth Magic


You had 12 spell levels left.
You knew the following spells:

 Your Spells              Type           Power        Failure   Level  Hunger
a - Sandblast             Erth           ####..       1%          1    None
b - Stone Arrow           Conj/Erth      ###...       4%          3    ##.....

Your spell library contained the following spells:

 Spells                   Type           Power        Failure   Level  Hunger
 Passwall                 Tmut/Erth      ###.......   3%          2    None
 Lee's Rapid Deconstruct  Erth           ####......   30%         5    #####..
 Petrify                  Tmut/Erth      ###.....     26%         4    ####...


Dungeon Overview and Level Annotations

Branches:
Dungeon (4/15)
 Temple: D:4-7

Altars:
Cheibriados
Nemelex Xobeh


Message History

The orc hits you but does no damage.
Casting: Sandblast (safe; 1% risk of failure)
Confirm with . or Enter, or press ? or * to list all spells.
Aiming: Sandblast (safe; 1% risk of failure)
Press: ? - help, Shift-Dir - straight line, f/p - orc
Aim: an orc, wielding a whip and wearing a leather armour The blast of sand hits the orc.
You kill the orc!
b - 83 stones
Casting: Sandblast (safe; 1% risk of failure)
Confirm with . or Enter, or press ? or * to list all spells.
Aiming: Sandblast (safe; 1% risk of failure)
Press: ? - help, Shift-Dir - straight line, f - orc priest
Aim: an orc priest, wielding a whip and wearing a ring mail The blast of sand misses the orc priest.
b - 82 stones The orc priest hits you with a whip.
Casting: Sandblast (safe; 1% risk of failure)
Confirm with . or Enter, or press ? or * to list all spells.
Aiming: Sandblast (safe; 1% risk of failure)
Press: ? - help, Shift-Dir - straight line, f/p - orc priest
Aim: an orc priest, wielding a whip and wearing a ring mail The blast of sand misses the orc priest.
b - 81 stones The orc priest hits you but does no damage.
Casting: Sandblast (safe; 1% risk of failure)
Confirm with . or Enter, or press ? or * to list all spells.
Aiming: Sandblast (safe; 1% risk of failure)
Press: ? - help, Shift-Dir - straight line, f/p - orc priest
Aim: an orc priest, wielding a whip and wearing a ring mail The blast of sand hits the orc priest.
You kill the orc priest!
Your Conjurations skill increases to level 3!
You have reached level 6!
Your experience leads to an increase in your attributes!
Increase (S)trength, (I)ntelligence, or (D)exterity?
You feel clever.
b - 80 stones
Casting: Sandblast (safe; 1% risk of failure)
Confirm with . or Enter, or press ? or * to list all spells.
Aiming: Sandblast (safe; 1% risk of failure)
Press: ? - help, Shift-Dir - straight line, f - orc
Aim: an orc, wielding a flail and wearing a scale mail The blast of sand hits the orc.
The orc is moderately wounded.
b - 79 stones The orc barely misses you.
Casting: Sandblast (safe; 1% risk of failure)
Confirm with . or Enter, or press ? or * to list all spells.
Aiming: Sandblast (safe; 1% risk of failure)
Press: ? - help, Shift-Dir - straight line, f/p - orc
Aim: an orc, wielding a flail and wearing a scale mail (moderately wounded)
The blast of sand hits the orc.
You kill the orc!
b - 78 stones Magic restored.
You start to feel less resistant.
Your resistance to elements expires.
HP restored.
Items here: ))) [[[ ††† You butcher the orc corpse.
h - 4 chunks of flesh {@w0} You butcher the orc corpse.
h - 7 chunks of flesh {@w0} (gained 3)
You butcher the orc corpse.
h - 8 chunks of flesh {@w0} (gained 1)
Items here: ))) [[[ a flail; a scale mail; a whip; a ring mail; a whip; a leather armour
Items here: ))) [[[ a flail; a scale mail; a whip; a ring mail; a whip; a leather armour Done exploring.
Done exploring.
Done exploring.
Done exploring.
Done exploring.
Done exploring.
Search for what [? for help]? ego Unknown command.
Unknown command.
Unknown command.
Unknown command.
There is a stone staircase leading down here.
You climb downwards.
The quokka closely misses you. The quokka barely misses you.
The orc misses you.
There is a stone staircase leading up here.
Casting: Sandblast (safe; 1% risk of failure)
Confirm with . or Enter, or press ? or * to list all spells.
Aiming: Sandblast (safe; 1% risk of failure)
Press: ? - help, Shift-Dir - straight line, f - orc
Aim: an orc, wielding a dagger The blast of sand hits the orc.
You kill the orc!
b - 77 stones The orc hits you.
The quokka barely misses you. The orc barely misses you. The quokka bites you.
You climb upwards.
There is a stone staircase leading down here.
The quokka bites you. The orc misses you. The iguana bites you.
The quokka bites you. The iguana bites you!
You die...

##.#.# #.#..# #.#.##.#########.#
#.#.# #.#..###.#.##..........#.
#.#.# #...........#.#########.#
###.#.###.............# #.#
........)...........### #.#
###.#.###.######....# ####.. #
#.#.# #.# #....# #..... # #.#.#
#.######....# #.#### ###.#.#
#.##...[@o.[## #.# ......#
#.##.###lr>..## #.#
##..#####.............######.####
#............##.................
#.########...##....#.######.####
#.# ##.###.#.##.######.# #.#
#.....)...........# ##.###
##.###.#.########### )....#
##.#.##)#.# #####


You could see an iguana, an orc and a quokka.

Vanquished Creatures
  A bullfrog (Sewer)
  2 orc priests (D:3)
  An orc wizard (D:3)
  4 adders
  3 worms
  5 leopard geckos
  8 orcs
  4 ball pythons
  5 giant cockroaches
  6 goblins
  3 hobgoblins
  4 jackals (D:2)
  3 quokkas
  5 bats
  11 frilled lizards
  9 kobolds
  6 rats
80 creatures vanquished.

Notes
Turn   | Place    | Note
-------+----------+-------------------------------------------
     0 | D:1      | Mgcat the Deep Elf Earth Elementalist began the quest for the Orb.
     0 | D:1      | Reached XP level 1. HP: 10/10 MP: 6/6
    66 | D:1      | HP: 1/10 [goblin (4)]
   507 | D:1      | Reached XP level 2. HP: 7/15 MP: 5/8
  1258 | D:2      | Reached skill level 4 in Spellcasting
  1321 | D:2      | Reached skill level 4 in Earth Magic
  1389 | D:2      | Reached XP level 3. HP: 15/19 MP: 7/10
  1394 | D:2      | Learned a level 3 spell: Stone Arrow
  1648 | D:2      | HP: 4/19 [poisoned by an adder]
  1971 | D:3      | Reached skill level 1 in Conjurations
  2132 | D:3      | Reached XP level 4. HP: 24/24 MP: 5/12
  2203 | D:3      | Found a glowing drain.
  2269 | Sewer    | Entered a sewer
  2331 | Sewer    | HP: 6/24 [poisoned by an adder]
  2338 | Sewer    | HP: 5/24 [poisoned by an adder]
  2346 | Sewer    | HP: 4/24 [poisoned by an adder]
  2928 | Sewer    | Noticed a bullfrog
  2931 | Sewer    | Killed a bullfrog
  2931 | Sewer    | Reached skill level 5 in Spellcasting
  2931 | Sewer    | Reached skill level 2 in Conjurations
  2931 | Sewer    | Reached XP level 5. HP: 28/28 MP: 8/14
  3190 | D:3      | HP: 6/28 [orc priest/divine providence (12)]
  3194 | D:3      | Reached skill level 5 in Earth Magic
  3665 | D:3      | Found a snail-covered altar of Cheibriados.
  3665 | D:3      | Found a sparkling altar of Nemelex Xobeh.
  4083 | D:3      | Reached skill level 3 in Conjurations
  4083 | D:3      | Reached XP level 6. HP: 19/32 MP: 10/16
  4149 | D:3      | Slain by an iguana

Vault maps used:
D:1:      minmay_arrival_stone_box, supply_closet_lemuel
D:3:      gammafunk_temple_overflow_wave, cheibrodos_sewer_entry_drain,
          grunt_ministairs_9, minmay_misc_feat_x
D:4:      first_ration
Sewer:    sewer_frog_island_01

Skill      XL: |  1  2  3  4  5 |
---------------+----------------+-----
Spellcasting   | 4 5 |  5.7
Earth Magic    | 4 5 |  5.2
Conjurations   | 1 2 3 |  3.0
Dodging        | |  2.4
Stealth        | |  2.4
Transmutations | |  1.1

Action                   |  1- 3 |  4- 6 || total
-------------------------+-------+-------++-------
Melee: Dagger            |    40 |       ||    40
       Club              |     9 |       ||     9
       Short sword       |    42 |    48 ||    90
 Cast: Sandblast         |    21 |    35 ||    56
       Stone Arrow       |     3 |    23 ||    26
  Use: Potion            |       |     4 ||     4
 Stab: Sleeping          |     3 |     1 ||     4
  Eat: Chunk             |     3 |    20 ||    23
Armor: Robe              |    19 |    10 ||    29
Dodge: Dodged            |    55 |    53 ||   108

Table legend:
 A = Spawn XP
 B = Non-spawn XP
 C = Spawn XP percentage of total XP
 D = Spawn monster count
 E = Non-spawn monster count
 F = Spawn count percentage of total count
 G = Total turns spent on level
                    A         B        C        D         E        F      G
               +---------+---------+-------+---------+---------+-------+---------
         Total |       0 |     400 |   0.0 |       0 |      80 |   0.0 |  4149
               +---------+---------+-------+---------+---------+-------+---------
           D:1 |       0 |      17 |   0.0 |       0 |      12 |   0.0 |   960
           D:2 |       0 |      54 |   0.0 |       0 |      16 |   0.0 |   904
           D:3 |       0 |     201 |   0.0 |       0 |      35 |   0.0 |  1380
           D:4 |       0 |       3 |   0.0 |       0 |       1 |   0.0 |     7
         Sewer |       0 |     125 |   0.0 |       0 |      16 |   0.0 |   898
               +---------+---------+-------+---------+---------+-------+---------

Vault maps used:
D:1:      minmay_arrival_stone_box, supply_closet_lemuel
D:3:      gammafunk_temple_overflow_wave, cheibrodos_sewer_entry_drain,
          grunt_ministairs_9, minmay_misc_feat_x
D:4:      first_ration
Sewer:    sewer_frog_island_01

Table legend:
 A = Turns spent in this place as a percentage of turns spent in the entire game.
 B = Non-inter-level travel turns spent in this place as a percentage of non-inter-level travel turns spent in the entire game.
 C = Inter-level travel turns spent in this place as a percentage of turns spent in this place.
 D = Turns resting spent in this place as a percentage of non-inter-level travel turns spent in this place.
 E = Turns spent auto-exploring this place as a percentage of non-inter-level travel turns spent in this place.
 F = Non-inter-level travel turns spent in this place divided by the number of levels of this place that you've seen.
                   A       B       C       D       E      F
               +-------+-------+-------+-------+-------+----------------------
         Total | 100.0 | 100.0 |   3.6 |   1.5 |  82.5 | 799.6
       Dungeon |  78.4 |  77.5 |   4.6 |   0.0 |  84.3 | 775.0
         Sewer |  21.6 |  22.5 |   0.0 |   6.6 |  76.3 | 898.0
               +-------+-------+-------+-------+-------+----------------------

Table legend:
 A = Kills in this place as a percentage of kills in entire the game.
 B = Kills by you in this place as a percentage of kills by you in the entire game.
 C = Kills by friends in this place as a percentage of kills by friends in the entire game.
 D = Other kills in this place as a percentage of other kills in the entire game.
 E = Experience gained in this place as a percentage of experience gained in the entire game.
 F = Experience gained in this place divided by the number of levels of this place that you have seen.
                   A       B       C       D       E      F
               +-------+-------+-------+-------+-------+----------------------
         Total | 100.0 | 100.0 |   N/A |   N/A | 100.0 |  80.0
       Dungeon |  80.0 |  80.0 |   N/A |   N/A |  68.8 |  68.8
         Sewer |  20.0 |  20.0 |   N/A |   N/A |  31.2 | 125.0
               +-------+-------+-------+-------+-------+----------------------
